 Dungeon Sprint DCSS version 0.30-a0-618-gd6c86c23d0 (webtiles) character file.

Game seed: 16032808269260055310

20807 BigDaddyOpFi the End of an Era (level 12, -4/125 HPs)
             Began as a Hill Orc Monk on Jan 9, 2023.
             Was the Champion of Qazlal.
             Slain by a searing wretch (11 damage)
             ... in the Dungeon (Sprint V: "Ziggurat Sprint").
             The game lasted 00:04:30 (1606 turns).

BigDaddyOpFi the End of an Era (Hill Orc Monk)      Turns: 1606, Time: 00:04:31

Health: -4/125     AC: 31    Str: 25    XL:     12   Next: 83%
Magic:  8/24       EV: 11    Int: 16    God:    Qazlal [******]
Gold:   0          SH:  8    Dex: 19    Spells: 11/11 levels left

rFire   + . .      SeeInvis .    G - +10 dark maul {heavy}
rCold   . . .      Faith    .    (shield currently unavailable)
rNeg    . . .      Spirit   .    j - +5 crystal plate armour
rPois   .          Reflect  .    (no helmet)
rElec   .          Harm     .    (no cloak)
rCorr   .          Rampage  .    M - +1 pair of gloves {infuse}
Will    .....      NoTele   +    (no boots) Stlth
                                 Q - amulet of regeneration
HPRegen 1.20/turn                P - ring "Tiusatoh" {Int+6 Dex+6}
MPRegen 0.19/turn                C - +6 ring of strength

@: weakened, protected from fire, repel missiles
A: subdued magic 1
a: Renounce Religion, Upheaval, Elemental Force, Disaster Area


You were in the Dungeon.
You worshipped Qazlal.
Qazlal was exalted by your worship.
You visited 1 branch

Inventory:

Hand Weapons
 a - the +16 obsidian axe {drain, Mesm Drain Fly SInv}
   (You found it in the Dungeon)

   It occasionally summons demons to assist the wielder when it strikes in
   combat.
   Its wielder is mesmerised by any visible foes.
   It cannot be unequipped while any foes are visible.
   SInv:      It lets you see invisible.
   Fly:       It grants you flight.
   Drain:     It drains your maximum health when unequipped.
 b - the +6 shillelagh "Devastator" {shatter}
   (You found it in the Dungeon)

   It releases a powerful concussive burst when it strikes, dealing extra damage
   to the target and all other creatures adjacent to them.
 F - the +27 heavy crossbow "Sniper" {heavy, Acc+∞ SInv}
   (You found it in the Dungeon)

   Any ammunition fired from it never misses its target.
   SInv:      It lets you see invisible.
 G - the +10 dark maul (weapon) {heavy}
   (You found it in the Dungeon)
Armour
 j - a +5 crystal plate armour (worn)
 k - a +3 tower shield
 H - the +15 Maxwell's patent armour {-Cast -Tele rElec Will+ rCorr}
   (You found it in the Dungeon)

   rElec:     It insulates you from electricity.
   -Cast:     It prevents spellcasting.
   -Tele:     It prevents most forms of teleportation.
   rCorr:     It protects you from acid and corrosion.
   Will:      It increases your willpower.
 I - the +18 shield of the Gong {rElec rN+ Will+ EV-5}
   (You found it in the Dungeon)

   It is deafeningly noisy when blocking attacks.
   EV:        It affects your evasion (-5).
   rElec:     It insulates you from electricity.
   rN:        It protects you from negative energy.
   Will:      It increases your willpower.
 M - a +1 pair of gloves of infusion (worn)
Jewellery
 o - a ring of magical power
 x - a ring of flight
 y - a +6 ring of dexterity
 z - a +6 ring of dexterity
 A - a +6 ring of intelligence
 B - a +6 ring of intelligence
 C - a +6 ring of strength (right hand)
 D - a +6 ring of strength
 J - a ring of poison resistance
 L - a ring of ice
 P - the ring "Tiusatoh" (left hand) {Int+6 Dex+6}
   (You found it in the Dungeon)

   [ring of dexterity]

   Int:       It affects your intelligence (+6).
   Dex:       It affects your dexterity (+6).
 Q - an amulet of regeneration (around neck)
 T - an amulet of reflection
 V - an amulet of magic regeneration
 W - a ring of protection from cold
Wands
 u - a wand of mindburst (7)
 v - a wand of iceblast (7)
 w - a wand of light (7)
Scrolls
 i - 4 scrolls of blinking
 q - 4 scrolls of amnesia
 r - 7 scrolls of fog
 s - 5 scrolls of identify
 t - 2 scrolls of fear
Potions
 c - a potion of ambrosia
 d - 10 potions of curing
 e - 2 potions of heal wounds
 f - 10 potions of haste
 g - 7 potions of magic
 h - 3 potions of berserk rage
 l - 2 potions of brilliance
 m - 2 potions of invisibility
 n - 4 potions of resistance
 p - 5 potions of might
Miscellaneous
 E - a lightning rod (4/4)
 K - a condenser vane
 N - a phial of floods
 O - a phial of floods
 R - a lightning rod (4/4)
 S - a phial of floods
 U - a box of beasts


   Skills:
 + Level 17.4 Fighting
 + Level 14.5 Short Blades
 - Level 3.3 Maces & Flails
 - Level 2.7 Ranged Weapons
 + Level 15.3 Armour
 + Level 12.5 Dodging
 - Level 3.3 Stealth
 + Level 17.9 Invocations
 + Level 8.5 Evocations


You had 11 spell levels left.
You didn't know any spells.
Your spell library contained the following spells:

 Spells                   Type           Power      Damage    Failure   Level
 Kiss of Death            Conj/Necr      0%         2d5       99%         1
 Sandblast                Erth           0%         2d4       99%         1
 Sting                    Tmut/Pois      0%         1d3       99%         1
 Summon Small Mammal      Summ           0%         N/A       99%         1
 Call Imp                 Summ           0%         N/A       100%        2
 Momentum Strike          Conj/Tloc      0%         3d8       100%        2
 Passwall                 Tmut/Erth      0%         N/A       100%        2
 Poisonous Vapours        Pois/Air       0%         N/A       100%        2
 Confusing Touch          Hex            0%         N/A       100%        3
 Hailstorm                Conj/Ice       0%         3d3       100%        3
 Stone Arrow              Conj/Erth      0%         3d7       100%        3
 Anguish                  Hex/Necr       0%         N/A       100%        4
 Dispel Undead            Necr           0%         3d6       100%        4
 Ice Form                 Ice/Tmut       0%         N/A       100%        4
 Olgreb's Toxic Radiance  Pois           0%         N/A       100%        4
 Alistair's Intoxication  Tmut/Pois      0%         N/A       100%        5
 Blade Hands              Tmut           0%         N/A       100%        5
 Borgnjor's Vile Clutch   Necr/Erth      0%         N/A       100%        5
 Fireball                 Conj/Fire      0%         3d3       100%        5
 Iskenderun's Battlesphe  Conj           0%         2d6       100%        5
 Summon Forest            Summ/Tloc      0%         N/A       100%        5
 Conjure Ball Lightning   Conj/Air       0%         3x3d6     100%        6
 Eringya's Noxious Bog    Tmut/Pois      0%         N/A       100%        6
 Simulacrum               Ice/Necr       0%         N/A       100%        6
 Enfeeble                 Hex            0%         N/A       100%        7
 Monstrous Menagerie      Summ           0%         N/A       100%        7
 Orb of Destruction       Conj           0%         9d5       100%        7
 Chain Lightning          Conj/Air       0%         N/A       100%        9


Dungeon Overview and Level Annotations

Branches:
Dungeon (1/1)

Altars:
Ashenzari
Cheibriados
Dithmenos
Elyvilon
Fedhas
Gozag
Hepliaklqana
Kikubaaqudgha
Makhleb
Nemelex Xobeh
Okawaru
Qazlal
Ru
Sif Muna
Trog
Uskayaw
Vehumet
Wu Jian
Xom
Yredelemnul
Zin
The Shining One
Beogh
Jiyva
Lugonu


Innate Abilities, Weirdness & Mutations

Your spells are a little easier to cast, but a little less powerful.


Message History

You kill the hell hog!
Qazlal accepts your kill.
The blast of magma engulfs the fire giant!!
The fire giant partially resists.
You kill the fire giant!
Qazlal accepts your kill.
The blast of rubble hits the fire giant!!
The fire giant is almost dead.
The blast of ice hits the fire giant!!!
You kill the fire giant!
Qazlal accepts your kill.
The blast of ice hits the fire giant!!
You kill the fire giant!
Qazlal accepts your kill.
The blast of rubble hits the searing wretch!!
The searing wretch is heavily damaged.
The blast of magma engulfs the searing wretch!
The searing wretch partially resists.
The searing wretch is heavily damaged.
The blast of rubble hits the searing wretch!!
The searing wretch is severely damaged.
Your Fighting skill increases to level 17!
Your Armour skill increases to level 15!
Your Evocations skill increases to level 8!
The searing wretch claws you but does no damage.
The searing wretch claws you.
The searing wretch bites you but does no damage.
You hit the searing wretch.
The searing wretch is severely damaged.
The searing wretch is struck by lightning.
The searing wretch claws you!
You are engulfed in flames!
You resist.
You feel more protected from fire. The searing wretch claws you!!
* * * LOW HITPOINT WARNING * * *
The searing wretch bites you but does no damage.
The searing wretch is struck by lightning.
The searing wretch claws you!!
* * * LOW HITPOINT WARNING * * *
You are engulfed in flames!
You resist.
You die...

▓...8©8...▓...8
▓..))).=:.▓.....))..▓...:
▓≈.)≈≈....▓.[.)}.[..▓...)
▓≈†≈≈≈.}.≈▓.........▓....
▓.)=†..≈..▓.........▓....
▓....).≈..▓.........▓....
▓.....≈..○▓....)....▓....
▓..▓.°.▓n☼▓.........▓.▓..
▓.....☼○@☼▓.▓.....▓.▓....
▓...°©..○.▓....©....▓▓▓▓▓
▓▓▓▓▓▓▓▓▓▓▓▓▓▓▓▓▓▓▓▓▓


You could see a searing wretch.

Vanquished Creatures
  An ancient lich (D)
  A titan (D)
  3 fire giants (D)
  A frost giant (D)
  A balrug (D)
  A mummy priest (D)
  3 salamander tyrants (D)
  3 hell hogs (D)
  A deep elf archer (D)
  3 deep elf zephyrmancers (D)
  A deep elf pyromancer (D)
  3 ugly things (D)
  A shining eye (D)
  4 toenail golems (D)
  A tormentor (D)
  A freezing wraith (D)
  A guardian mummy (D)
  A polar bear (D)
  2 slime creatures (D)
  An air elemental (D)
  A yak (D)
  A water elemental (D)
  A hog (shapeshifter) (D)
  A golden eye (D)
  A floating eye (D)
  3 hell hounds (D)
  A wolf (D)
  An ogre (shapeshifter) (D)
  A phantom (D)
  A bullfrog (D)
  A necrophage (D)
  A wight (D)
  A crimson imp (D)
  2 jellies (D)
  An iguana (D)
  A mummy (D)
  A river rat (D)
  2 white imps (D)
  An adder simulacrum (D)
  3 bat skeletons (D)
  2 bat zombies (D)
  2 endoplasms (D)
  2 ball python simulacra (D)
  A ball python skeleton (D)
  2 bat simulacra (D)
  A giant cockroach simulacrum (D)
  A giant cockroach zombie (D)
  3 quokka skeletons (D)
74 creatures vanquished.

Notes
Turn   | Place    | Note
-------+----------+-------------------------------------------
     0 | D        | BigDaddyOpFi the Hill Orc Monk began the quest for the Orb.
     0 | D        | Reached XP level 1. HP: 19/19 MP: 1/1
     3 | D        | Found a blossoming altar of Fedhas.
     3 | D        | Found the +6 Majin-Bo {vamp, MP+6 Int+6}
     3 | D        | Found the +27 heavy crossbow "Sniper" {heavy, Acc+∞ SInv}
     3 | D        | Found the +10 dark maul {heavy}
     3 | D        | Found the +15 Maxwell's patent armour {-Cast -Tele rElec
                  | Will+ rCorr}
     3 | D        | Found the +18 shield of the Gong {rElec rN+ Will+ EV-5}
     3 | D        | Found the +16 obsidian axe {drain, Mesm Drain Fly SInv}
     3 | D        | Found the +7 great mace "Firestarter" {flame, inner flame,
                  | rF++}
     3 | D        | Found the +6 shillelagh "Devastator" {shatter}
     3 | D        | Found the +11 plutonium sword {Contam Stlth-}
     3 | D        | Found the +8 lance "Wyrmbane" {slay drac, rPois rF+ rC+
                  | AC+3}
     3 | D        | Found the +9 sword of Zonguldrok {reap}
     3 | D        | Found the +13 scythe of Curses {drain, Drain}
     3 | D        | Found the +9 sword of Power
     3 | D        | Found the +7 mace of Variability {chaos, chain chaos}
     3 | D        | Found the +11 Singing Sword {sonic wave}
     3 | D        | Found the +8 storm bow {elec, penet}
     7 | D        | Found a shimmering blue altar of Sif Muna.
     7 | D        | Found a sacrificial altar of Ru.
     7 | D        | Found a bloodstained altar of Trog.
     7 | D        | Found a stormy altar of Qazlal.
     7 | D        | Found an iron altar of Okawaru.
     7 | D        | Found a sparkling altar of Nemelex Xobeh.
    10 | D        | Found an ancient bone altar of Kikubaaqudgha.
    10 | D        | Found a transporter.
    10 | D        | Found a corrupted altar of Lugonu.
    10 | D        | Found a viscous altar of Jiyva.
    10 | D        | Found a burning altar of Makhleb.
    10 | D        | Found a hazy altar of Hepliaklqana.
    10 | D        | Found an opulent altar of Gozag.
    52 | D        | Reached skill level 5 in Fighting
    52 | D        | Reached XP level 2. HP: 29/29 MP: 2/2
    82 | D        | Became a worshipper of Qazlal Stormbringer
    82 | D        | Reached * piety under Qazlal
    82 | D        | Reached ** piety under Qazlal
    93 | D        | Entered arena 2.
    93 | D        | Found a transporter.
   103 | D        | Entered arena 3.
   103 | D        | Found a transporter.
   108 | D        | Reached skill level 1 in Invocations
   109 | D        | Reached *** piety under Qazlal
   110 | D        | Reached skill level 1 in Armour
   110 | D        | Reached XP level 3. HP: 36/36 MP: 2/4
   239 | D        | Entered arena 4.
   239 | D        | Noticed a toenail golem
   239 | D        | Noticed a toenail golem
   239 | D        | Noticed a toenail golem
   239 | D        | Noticed a toenail golem
   239 | D        | Found a transporter.
   242 | D        | Killed a toenail golem
   243 | D        | Reached skill level 5 in Armour
   243 | D        | Reached skill level 5 in Dodging
   243 | D        | Reached XP level 4. HP: 41/49 MP: 5/9
   243 | D        | Reached XP level 5. HP: 46/56 MP: 5/10
   243 | D        | Reached XP level 6. HP: 51/62 MP: 5/11
   247 | D        | Killed a toenail golem
   248 | D        | Reached XP level 7. HP: 26/71 MP: 6/13
   252 | D        | Killed a toenail golem
   252 | D        | Reached **** piety under Qazlal
   253 | D        | Reached skill level 10 in Fighting
   253 | D        | Reached XP level 8. HP: 27/79 MP: 8/15
   254 | D        | Killed a toenail golem
   255 | D        | Reached skill level 10 in Invocations
   467 | D        | Entered arena 5.
   467 | D        | Noticed a guardian mummy
   467 | D        | Noticed a mummy priest
   467 | D        | Found a transporter.
   470 | D        | Noticed a flying skull
   470 | D        | Noticed a vampire
   470 | D        | Killed a mummy priest
   471 | D        | Reached XP level 9. HP: 84/90 MP: 15/17
   473 | D        | Killed a guardian mummy
   473 | D        | Reached ***** piety under Qazlal
   596 | D        | Entered arena 6.
   596 | D        | Noticed a purple ugly thing
   596 | D        | Noticed a brown ugly thing
   596 | D        | Noticed a red ugly thing
   596 | D        | Found a transporter.
   602 | D        | Killed a green ugly thing
   603 | D        | Reached skill level 10 in Armour
   604 | D        | Reached skill level 10 in Short Blades
   606 | D        | Killed a green ugly thing
   607 | D        | Killed a red ugly thing
   608 | D        | Reached XP level 10. HP: 33/100 MP: 16/19
   907 | D        | Entered arena 7.
   908 | D        | Found a transporter.
   913 | D        | Reached ****** piety under Qazlal
   952 | D        | Entered arena 8.
   954 | D        | Found a transporter.
   964 | D        | Got the ring "Tiusatoh" {Int+6 Dex+6}
  1014 | D        | Entered arena 9.
  1014 | D        | Noticed a deep elf zephyrmancer
  1014 | D        | Noticed a deep elf archer
  1014 | D        | Noticed a deep elf zephyrmancer
  1014 | D        | Noticed a deep elf zephyrmancer
  1014 | D        | Noticed a deep elf pyromancer
  1015 | D        | Found a transporter.
  1015 | D        | Paralysed by an air elemental for 1 turns
  1016 | D        | Killed a deep elf zephyrmancer
  1016 | D        | Killed a deep elf pyromancer
  1017 | D        | Reached skill level 10 in Dodging
  1017 | D        | Killed a deep elf archer
  1017 | D        | Killed a deep elf zephyrmancer
  1017 | D        | Killed a deep elf zephyrmancer
  1018 | D        | Reached XP level 11. HP: 99/111 MP: 4/22
  1233 | D        | Got Sif Muna's Handbook of the Salvo and Creation
  1242 | D        | Entered arena 10.
  1243 | D        | Found a transporter.
  1256 | D        | Entered arena 11.
  1256 | D        | Noticed a shining eye
  1257 | D        | Found a transporter.
  1258 | D        | Paralysed by a floating eye for 4 turns
  1262 | D        | Reached skill level 1 in Evocations
  1263 | D        | Gained mutation: Your spells are a little easier to cast,
                  | but a little less powerful. [a shining eye]
  1266 | D        | Killed a shining eye
  1267 | D        | Reached skill level 15 in Invocations
  1369 | D        | Got the Folio of the Vanishing Mystics
  1373 | D        | Entered arena 12.
  1373 | D        | Noticed an ancient lich
  1373 | D        | Noticed a frost giant
  1373 | D        | Noticed a titan
  1377 | D        | Killed a frost giant
  1378 | D        | Reached skill level 15 in Fighting
  1379 | D        | Killed an ancient lich
  1380 | D        | Reached skill level 5 in Evocations
  1384 | D        | Killed a titan
  1385 | D        | Reached XP level 12. HP: 58/122 MP: 3/24
  1490 | D        | Found a transporter.
  1599 | D        | Entered arena 13.
  1599 | D        | Noticed a fire giant
  1599 | D        | Noticed a hell hog
  1599 | D        | Noticed a salamander tyrant
  1599 | D        | Noticed a balrug
  1599 | D        | Noticed a fire giant
  1599 | D        | Noticed a hell hog
  1599 | D        | Noticed a salamander tyrant
  1599 | D        | Noticed a searing wretch
  1599 | D        | Noticed a hell hog
  1600 | D        | Noticed a fire giant
  1600 | D        | Noticed a salamander tyrant
  1601 | D        | Killed a salamander tyrant
  1601 | D        | Killed a salamander tyrant
  1601 | D        | Killed a hell hog
  1601 | D        | Killed a salamander tyrant
  1601 | D        | Killed a balrug
  1601 | D        | Killed a hell hog
  1602 | D        | Killed a hell hog
  1602 | D        | Killed a fire giant
  1602 | D        | Killed a fire giant
  1602 | D        | Killed a fire giant
  1603 | D        | Reached skill level 15 in Armour
  1606 | D        | Slain by a searing wretch

Illustrated notes

Levels and vault maps discovered:
D:        sprint_v [room_start, room_1, room_2, room_3, room_4, room_5, room_6,
          room_7, room_8, room_9, room_10, room_11, room_12, room_13, room_14,
          room_15, room_16, room_17, room_18, room_19, room_20, room_21,
          room_22, room_23, room_24, room_25, room_26, room_27]

Skill      XL: |  1  2  3  4  5  6  7  8  9 10 11 12 |
---------------+-------------------------------------+-----
Fighting       | 5 8 9 10 11 12 14 16 17 | 17.4
Maces & Flails | 3 |  3.3
Ranged Weapons | 2 |  2.7
Dodging        | 3 5 6 7 8 9 10 11 12 | 12.5
Stealth        | 3 |  3.3
Invocations    | 1 6 8 9 11 12 14 16 17 | 17.9
Armour         | 1 5 7 9 10 12 14 15 | 15.3
Short Blades   | 6 7 9 10 11 13 14 | 14.5
Evocations     | 6 8 |  8.5

Action                   |  1- 3 |  4- 6 |  7- 9 | 10-12 || total
-------------------------+-------+-------+-------+-------++-------
Melee: Maul              |     7 |     4 |    16 |    24 ||    51
 Fire: Heavy crossbow    |     1 |       |       |       ||     1
Invok: Disaster Area     |       |       |       |     6 ||     6
       Upheaval          |       |       |       |     1 ||     1
  Use: Potion            |     1 |     1 |     5 |     2 ||     9
Armor: Crystal plate arm |    23 |    23 |    40 |    72 ||   158
Dodge: Dodged            |     3 |     2 |    18 |    31 ||    54
Block: Other             |     6 |     4 |    14 |    24 ||    48

Table legend: (Time is in decaauts)
 A = Elapsed time spent in this place.
 B = Non-inter-level travel time spent in this place.
 C = Inter-level travel time spent in this place.
 D = Time resting spent in this place.
 E = Time spent auto-exploring this place.
 F = Levels seen in this place.
 G = Mean time per level.
                   A        B        C        D        E       F      G
               +--------+--------+--------+--------+--------+-----+--------+
         Total |   1724 |   1724 |      0 |   1254 |      0 |   1 | 1724.0 |
       Dungeon |   1724 |   1724 |      0 |   1254 |      0 |   1 | 1724.0 |
               +--------+--------+--------+--------+--------+-----+--------+

Top non-repeatable levels by time:
       D: 1724 daAuts
